 Dungeon Crawl Stone Soup version 0.26-a0-660-gc07710193c (webtiles) character file.

Game seed: 15581203419875416828

121 marklar909 the Digger (level 5, 0/35 HPs)
             Began as a Formicid Earth Elementalist on Oct 6, 2020.
             Slain by Terence
             ... wielding a +0 mace of draining
              (4 damage)
             ... on level 3 of the Dungeon.
             The game lasted 00:05:00 (2710 turns).

marklar909 the Digger (Formicid Earth Elementalist) Turns: 2710, Time: 00:05:01

Health: 0/35       AC:  4    Str: 14    XL:     5   Next: 26%
Magic:  5/10       EV: 10    Int: 14    God:
Gold:   86         SH:  0    Dex: 11    Spells: 6/10 levels left

rFire    . . .     SeeInvis +   a - +0 spear
rCold    . . .     Faith    .   (no shield)
rNeg     . . .     Spirit   .   p - +0 leather armour
rPois    .         Reflect  .   (helmet unavailable)
rElec    .         Harm     .   (no cloak)
rCorr    .         Rampage  .   l - +0 pair of gloves
MR       .....                  (no boots)
Stlth    +.........             (no amulet)
HPRegen  0.11/turn              (no ring)
MPRegen  0.12/turn              (no ring)

@: extremely drained
A: permanent stasis, dig shafts and tunnels, four strong arms, antennae 3
a: Dig, Shaft Self


You were on level 3 of the Dungeon.
You visited 1 branch of the dungeon, and saw 3 of its levels.

You collected 86 gold pieces.

Inventory:

Hand Weapons
 a - a +0 spear (weapon)
Missiles
 b - 35 stones (quivered)
Armour
 l - a +0 pair of gloves (worn)
 p - a +0 leather armour (worn)
Jewellery
 i - an uncursed ring of positive energy {unknown}
 k - an uncursed ring of stealth {unknown}
Scrolls
 e - a scroll of identify
 g - a scroll of teleportation {unknown}
 h - 3 scrolls of immolation
 m - a scroll of remove curse {unknown}
Potions
 f - a potion of heal wounds
 n - 2 potions of flight


   Skills:
 * Level 0.3(0.0) Fighting
 + Level 0.2(0.0) Polearms
 + Level 2.3(0.0) Dodging
 + Level 2.7(0.0) Stealth
 + Level 3.4(0.0) Spellcasting
 * Level 0.1(0.0) Conjurations
   Level 1.1(0.0) Transmutations
 + Level 5.1(0.0) Earth Magic


You had 6 spell levels left.
You knew the following spells:

 Your Spells              Type           Power        Failure   Level
a - Sandblast             Erth           #.....       36%         1
b - Stone Arrow           Conj/Erth      #.....       73%         3

Your spell library contained the following spells:

 Spells                   Type           Power        Failure   Level
 Passwall                 Tmut/Erth      #.......     50%         2
 Petrify                  Tmut/Erth      #.......     98%         4
 Lee's Rapid Deconstruct  Erth           #.........   100%        5


Dungeon Overview and Level Annotations

Branches:
Dungeon (3/15)

Altars:

Annotations:
D:3 1 transporter, Jessica, Terence


Innate Abilities, Weirdness & Mutations

You cannot be hasted, slowed, berserked, paralysed or teleported.
You can dig through walls and to a lower floor.
Your four strong arms can wield two-handed weapons with a shield.
You have a pair of large antennae on your head. (SInv)


Message History

Terence is heavily wounded.
Terence hits you but does no damage.
You feel drained.
You barely miss Terence.
Terence is heavily wounded.
Terence barely misses you.
You barely miss Terence.
Terence is heavily wounded.
Terence screams, "I'm going to kill you!"
Terence hits you with a +0 mace of draining.
* * * LOW HITPOINT WARNING * * *
You feel drained.
You hit Terence but do no damage.
Terence is heavily wounded.
Terence hits you with a +0 mace of draining.
* * * LOW HITPOINT WARNING * * *
You feel drained.
You hit Terence but do no damage.
Terence is heavily wounded.
Terence hits you with a +0 mace of draining.
You die...

######.# #.# ###### #.####.# #.#
#......# #.# #.###### #.# ####
#.# #.# #..# #.# #.# #..#### #.#
#.# #...... #.# ####.#######
##...##. #K#
#.......@@)#######.#.#.#. #.#
#.......##...............
#.#######.......##.#######.#.#.#.
#...............##K...........##.
#########.......##.#########.###.
#....<..##.# ### #. #..........#
## ############


You could see Terence.

Vanquished Creatures
  2 gnolls (D:1)
  3 adders
  An ooze (D:1)
  A worm (D:2)
  4 dart slugs
  4 leopard geckos
  2 ball pythons
  A giant cockroach (D:1)
  4 goblins
  6 hobgoblins
  5 jackals (D:2)
  9 kobolds
  6 bats
  3 frilled lizards
  3 rats
54 creatures vanquished.

Notes
Turn   | Place    | Note
-------+----------+-------------------------------------------
     0 | D:1      | marklar909 the Formicid Earth Elementalist began the quest
                  | for the Orb.
     0 | D:1      | Reached XP level 1. HP: 13/13 MP: 3/3
   357 | D:1      | Reached XP level 2. HP: 19/19 MP: 1/5
   469 | D:1      | Reached skill level 4 in Earth Magic
   534 | D:1      | Reached XP level 3. HP: 24/24 MP: 6/6
  1004 | D:1      | Reached XP level 4. HP: 30/30 MP: 5/8
  1642 | D:2      | Learned a level 3 spell: Stone Arrow
  1651 | D:2      | Reached skill level 5 in Earth Magic
  1651 | D:2      | Reached XP level 5. HP: 35/35 MP: 7/10
  2287 | D:3      | Found a transporter.
  2358 | D:3      | Noticed Jessica
  2516 | D:3      | Noticed Terence
  2710 | D:3      | Slain by Terence

Illustrated notes

Levels and vault maps discovered:
D:1:      dpeg_arrival_tiny_i, layout_loops_ring, minmay_tripent
D:2:      layout_basic
D:3:      gammafunk_steamed_eel, layout_loops_ring, minmay_misc_feat_rugged,
          uniq_terence, uniq_crazy_yiuf_cottage, uniq_jessica

Skill      XL: |  1  2  3  4 |
---------------+-------------+-----
Dodging        | 2 |  2.3
Earth Magic    | 4 5 |  5.1
Spellcasting   | 3 |  3.4
Fighting       | |  0.3
Polearms       | |  0.2
Stealth        | |  2.7
Conjurations   | |  0.1
Transmutations | |  1.1

Action                   |  1- 3 |  4- 6 || total
-------------------------+-------+-------++-------
Melee: Unarmed           |    10 |       ||    10
       Spear             |    13 |    94 ||   107
 Cast: Sandblast         |    27 |    64 ||    91
  Use: Scroll            |       |     5 ||     5
       Potion            |       |     4 ||     4
 Stab: Sleeping          |     1 |     2 ||     3
Armor: Robe              |     2 |    11 ||    13
       Skin              |       |    41 ||    41
       Leather armour    |       |     4 ||     4
Dodge: Dodged            |    28 |    47 ||    75

Table legend: (Time is in decaauts)
 A = Elapsed time spent in this place.
 B = Non-inter-level travel time spent in this place.
 C = Inter-level travel time spent in this place.
 D = Time resting spent in this place.
 E = Time spent auto-exploring this place.
 F = Levels seen in this place.
 G = Mean time per level.
                   A        B        C        D        E       F      G
               +--------+--------+--------+--------+--------+-----+--------+
         Total |   2719 |   2504 |    215 |    164 |   1780 |   3 |  906.3 |
       Dungeon |   2719 |   2504 |    215 |    164 |   1780 |   3 |  906.3 |
               +--------+--------+--------+--------+--------+-----+--------+

Top non-repeatable levels by time:
     D:1: 1138 daAuts
     D:2: 1050 daAuts
     D:3: 530 daAuts
